 Dungeon Crawl Stone Soup version 0.30-a0-956-gcec3b41aec (webtiles) character file.

Game seed: 16528486650909653779

131 IdlyInterested the Slasher (level 4, -3/34 HPs)
             Began as a Demonspawn Gladiator on Mar 29, 2023.
             Slain by a gnoll
             ... wielding a +0 halberd
              (7 damage)
             ... on level 3 of the Dungeon.
             The game lasted 00:07:21 (1799 turns).

IdlyInterested the Slasher (Demonspawn Gladiator)   Turns: 1799, Time: 00:07:22

Health: -3/34      AC:  9    Str: 16    XL:     4   Next: 91%
Magic:  4/4        EV: 10    Int: 10    God:
Gold:   22         SH:  0    Dex: 14    Spells: 3/3 levels left

rFire   . . .      SeeInvis .    a - +0 long sword
rCold   . . .      Faith    .    (no shield)
rNeg    . . .      Spirit   .    t - +0 scale mail
rPois   .          Reflect  .    q - +0 helmet
rElec   .          Rampage  .    h - +0 cloak
rCorr   .                        (no gloves)
Will    .....                    (no boots)
Stlth   +                        (no amulet)
HPRegen 0.25/turn                (no ring)
MPRegen 0.09/turn                (no ring)

@: no status effects
A: demonic guardian 1, sharp scales 1
a: no special abilities


You were on level 3 of the Dungeon.
You visited 1 branch of the dungeon, and saw 3 of its levels.

You collected 71 gold pieces.
You spent 49 gold pieces at shops.

Inventory:

Hand Weapons
 a - a +0 long sword (weapon)
 c - a +3 dagger
 p - a +2 dagger of speed
 s - a +0 falchion
Missiles
 d - 2 throwing nets
 e - a javelin
 g - 20 stones
 i - 10 poisoned darts (quivered)
 m - 5 boomerangs
Armour
 h - a +0 cloak (worn)
 q - a +0 helmet (worn)
 t - a +0 scale mail (worn)
Scrolls
 l - a scroll of poison {unknown}
 n - a scroll of amnesia {unknown}
 o - a scroll of silence {unknown}
 r - a scroll of identify {unknown}
 u - a scroll of vulnerability {unknown}
 v - a scroll of magic mapping {unknown}
Potions
 b - a potion of haste {unknown}
 f - a potion of mutation {unknown}
 j - a potion of attraction {unknown}
 k - 3 potions of resistance {unknown}


   Skills:
 + Level 2.3 Fighting
 - Level 3.2 Long Blades
 - Level 2.0 Throwing
 - Level 2.0 Armour
 - Level 2.6 Dodging
 - Level 2.0 Stealth
 - Level 2.0 Evocations


You had 3 spell levels left.
You didn't know any spells.
Your spell library was empty.

Dungeon Overview and Level Annotations

Branches:
Dungeon (3/15)

Altars:

Shops:
D:1 (   D:2 *


Innate Abilities, Weirdness & Mutations

A weak demonic guardian rushes to your aid.
You are partially covered in razor-sharp scales. (AC +1, Slay +1)


Message History

There is a stone staircase leading up here.
You climb upwards.
There is a stone staircase leading down here.
HP restored.
There is an entrance to Kycwifai's Assorted Antiques here.
k - 3 emerald potions (gained 1) Thank you for shopping at Kycwifai's Assorted Antiques!
You can access your shopping list by pressing '$'.
There is an open door here.
You see here a +0 hand axe.
An endoplasm comes into view.
The endoplasm quivers.
The endoplasm barely misses you.
You barely miss the endoplasm.
The endoplasm hits you but does no damage.
The endoplasm freezes you.
You are frozen.
You slash the endoplasm!
You kill the endoplasm!
There is a stone staircase leading down here.
You climb downwards.
There is a stone staircase leading up here.
You climb upwards.
There is a stone staircase leading down here.
HP restored.
There is an escape hatch in the floor here.
You slide downwards.
The hatch slams shut behind you.
The gnoll shouts! x3
The gnoll hits you but does no damage. The bat closely misses you.
The gnoll hits you with a +0 flail.
The gnoll hits you from afar with a +0 halberd!
The gnoll hits you with a +0 flail.
Found 10 gold pieces.
The bat hits you but does no damage.
The gnoll hits you from afar with a +0 halberd!
A demonic guardian appears!
The gnoll hits you with a +0 flail!
* * * LOW HITPOINT WARNING * * *
The gnoll attacks as you move away! The gnoll barely misses you.
The bat barely misses you. The bat hits you but does no damage.
The gnoll hits you from afar with a +0 halberd!
You die...

...............
.###.............
...............
......J......#
............#
####.........5.#
########
+........!.g...#
#...<..#
#........gggb#
#.####.#
#..<........@# #
#................#
###
#..#.....###.###.#
..# #..#.....# #.#
..# #..#$....# #.#
..+ ... ....g# #.#
..##.#. #g...# #$#
..##.#. ....# #+#
..#


You could see 4 gnolls, an endoplasm, a bat (ally target) and a friendly iron
imp (summoned).

Vanquished Creatures
  Terence (D:2)
  3 adders (D:2)
  A worm (D:2)
  A dart slug (D:2)
  6 endoplasms
  A giant cockroach (D:2)
  11 goblins
  6 hobgoblins
  4 jackals (D:1)
  3 kobolds (D:2)
  2 quokkas (D:1)
  3 ball pythons
  6 bats
  3 frilled lizards
  6 rats
57 creatures vanquished.

Vanquished Creatures (collateral kills)
  Robin (D:2)
1 creature vanquished.

Grand Total: 58 creatures vanquished

Notes
Turn   | Place    | Note
-------+----------+-------------------------------------------
     0 | D:1      | IdlyInterested the Demonspawn Gladiator began the quest for
                  | the Orb.
     0 | D:1      | Reached XP level 1. HP: 16/16 MP: 1/1
   176 | D:1      | Reached skill level 3 in Long Blades
   283 | D:1      | Gained mutation: You are partially covered in razor-sharp
                  | scales. (AC +1, Slay +1) [demonic ancestry]
   283 | D:1      | Reached XP level 2. HP: 22/22 MP: 2/2
   292 | D:1      | Found Seimid's Weapon Boutique.
   351 | D:1      | Found a faded altar of an unknown god.
   381 | D:1      | Reached skill level 1 in Armour
   432 | D:1      | Reached skill level 1 in Stealth
   706 | D:2      | Gained mutation: A weak demonic guardian rushes to your
                  | aid. [demonic ancestry]
   706 | D:2      | Reached XP level 3. HP: 27/27 MP: 3/3
   717 | D:2      | Found Kycwifai's Assorted Antiques.
   727 | D:2      | Reached skill level 1 in Evocations
   739 | D:2      | Noticed Terence
   967 | D:2      | Noticed Robin
   999 | D:2      | Reached XP level 4. HP: 22/33 MP: 4/4
  1003 | D:2      | Killed Robin
  1204 | D:2      | Killed Terence
  1658 | D:2      | Bought a scroll labelled POFONN PIOKUTUTIL for 17 gold
                  | pieces
  1658 | D:2      | Bought a scroll labelled FYWKI MUPTUETT for 17 gold pieces
  1728 | D:2      | Bought an emerald potion for 15 gold pieces
  1799 | D:3      | Slain by a gnoll

Illustrated notes

Levels and vault maps discovered:
D:1:      dpeg_arrival_rooms_a, layout_loops_ring,
          dreamdust_ecumenical_altar_angels_and_demons, serial_shops,
          nicolae_shop_waterfront, st_stairs_2
D:2:      layout_basic, serial_shops, shop, chequers_serial_rivers_small_a,
          uniq_terence, uniq_robin
D:3:      layout_basic, xom_redecorated, due_unseen_surprise, uniq_ijyb

Skill      XL: |  1  2  3  4 |
---------------+-------------+-----
Long Blades    | 3 |  3.2
Armour         | 1 2 |  2.0
Stealth        | 1 2 |  2.0
Evocations     | 2 |  2.0
Throwing       | 2 |  2.0
Fighting       | |  2.3
Dodging        | |  2.6

Action                     |  1- 3 |  4- 6 || total
---------------------------+-------+-------++-------
  Melee: Long sword        |   152 |    52 ||   204
         Punch             |     1 |       ||     1
  Throw: Dart              |       |     6 ||     6
         Throwing net      |       |     1 ||     1
 Armour: Ring mail         |   109 |     8 ||   117
         Scale mail        |       |     9 ||     9
  Dodge: Dodged            |   120 |    27 ||   147

Table legend: (Time is in decaauts)
 A = Elapsed time spent in this place.
 B = Non-inter-level travel time spent in this place.
 C = Inter-level travel time spent in this place.
 D = Time resting spent in this place.
 E = Time spent auto-exploring this place.
 F = Levels seen in this place.
 G = Mean time per level.
                   A        B        C        D        E       F      G
               +--------+--------+--------+--------+--------+-----+--------+
         Total |   1849 |   1635 |    214 |     64 |    906 |   3 |  616.3 |
       Dungeon |   1849 |   1635 |    214 |     64 |    906 |   3 |  616.3 |
               +--------+--------+--------+--------+--------+-----+--------+

Top non-repeatable levels by time:
     D:2: 1054 daAuts
     D:1: 770 daAuts
     D:3: 24 daAuts
